Map: Prion Terraces

Players

ILLBdA

  • Race: Protoss Protoss
  • League: Diamond

PSiArcYanmoo (PSiArc) - Winner!

  • Race: Terran Terran
  • League: Grandmaster

VOD

Have the link to the VOD?

Description

Time

  • Played on: Dec. 20, 2015, 6:57 a.m.
  • Length: 13:13
Show
View Real Time Build Order
Export as new Build Order

ILLBdA Protoss 

Build Orders: Cannon Rush 

Get SALT Encoding   

  12  0:01  Probe (Chrono Boost)  
  13  0:11  Probe (Chrono Boost)  
  14  0:18  Pylon  
  14  0:22  Probe (Chrono Boost)  
  15  0:36  Probe (Chrono Boost), Forge  
  16  0:47  Probe (Chrono Boost)  
  17  0:57  Probe (Chrono Boost)  
  18  1:12  Pylon  
  18  1:16  Pylon  
  19  1:18  Probe (Chrono Boost)  
  19  1:31  Gateway, Photon Cannon  
  19  1:35  Photon Cannon  
  19  1:45  Photon Cannon  
  18  1:47  Photon Cannon  
  18  1:50  Photon Cannon  
  17  1:58  Photon Cannon  
  17  2:00  Probe (Chrono Boost)  
  17  2:13  Probe (Chrono Boost), Gateway  
  17  2:15  Assimilator  
  18  2:22  Assimilator  
  18  2:23  Probe (Chrono Boost)  
  19  2:33  Pylon  
  19  2:34  Probe (Chrono Boost)  
  20  2:43  Photon Cannon  
  20  2:44  Probe (Chrono Boost)  
  21  2:55  Probe (Chrono Boost)  
  22  3:02  Cybernetics Core  
  22  3:03  Zealot  
  22  3:05  Probe (Chrono Boost)  
  25  3:12  Gateway  
  25  3:16  Probe (Chrono Boost)  
  26  3:25  Pylon  
  26  3:38  Stalker (Chrono Boost)  
  26  3:39  Mothership Core  
  30  3:43  Pylon  
  30  3:44  Stargate  
  29  4:02  Stalker (Chrono Boost)  
  30  4:06  Stalker (Chrono Boost)  
  32  4:17  Warp Gate (Chrono Boost)  
  32  4:33  Sentry  
  32  4:36  Nexus  
  34  4:45  Robotics Facility  
  34  4:56  Stalker  
  35  5:20  Nexus, Pylon  
  35  5:24  Probe  
  35  5:27  Adept x2  
  40  5:33  Observer (Chrono Boost)  
  41  5:36  Probe  
  42  5:46  Pylon  
  46  6:05  Immortal (Chrono Boost)  
  46  6:10  Gateway  
  46  6:11  Probe  
  47  6:23  Probe  
  47  6:25  Sentry x2  
  52  6:35  Probe  
  52  6:36  Probe  
  54  6:47  Immortal (Chrono Boost)  
  57  6:53  Sentry x2  
  61  6:57  Probe  
  61  6:58  Probe  
  63  7:06  Adept  
  63  7:07  Probe  
  66  7:18  Sentry  
  66  7:20  Warp Prism (Chrono Boost)  
  54  7:38  Stalker x2  
  48  7:58  Adept  
  48  8:05  Immortal (Chrono Boost)  
  54  8:09  Adept x2  
  59  8:12  Probe  
  59  8:17  Gateway  
  59  8:19  Gateway  
  59  8:26  Adept  
  59  8:37  Probe  
  62  8:41  Immortal (Chrono Boost)  
  62  8:44  Adept x2  
  62  9:10  Adept x2, Assimilator x2  
  62  9:15  Immortal (Chrono Boost)  
  70  9:29  Twilight Council  
  70  9:35  Nexus  
  70  9:38  Pylon  
  70  9:45  Adept x2  
  74  9:46  Probe  
  75  9:55  Pylon  
  75  9:57  Adept  
  77  10:00  Probe  
  77  10:02  Probe  
  79  10:11  Templar Archives  
  79  10:12  Probe  
  79  10:13  Probe  
  80  10:14  Adept  
  83  10:23  Protoss Ground Armor Level 1 (Chrono Boost)  
  83  10:24  Probe x2  
  85  10:36  Probe  
  82  10:43  Stalker  
  82  10:44  Stalker  
  86  10:54  Psionic Storm  
  86  11:04  Nexus  
  86  11:06  Pylon  
  86  11:18  Pylon  
  86  11:19  Pylon  
  86  11:24  Probe x2  
  88  11:26  Pylon, High Templar  
  88  11:28  High Templar  
  88  11:29  Zealot  
  94  11:36  Probe  
  94  11:37  Probe, Adept  
  98  11:45  Zealot  
  100  11:49  Probe  
  101  11:57  High Templar x2  
  103  12:04  Zealot x2  
  107  12:09  Probe  
  107  12:15  Assimilator  
  106  12:23  Archon  
  106  12:24  Archon  
  106  12:27  High Templar x2  
  106  12:28  Zealot  
  112  12:30  Probe x2  
  112  12:33  Assimilator  
  112  12:35  Zealot x2  
  112  12:36  Immortal (Chrono Boost)  
  122  12:42  Probe  
  123  12:49  High Templar  
  125  12:53  Zealot  
Show
View Real Time Build Order
Export as new Build Order

PSiArcYanmoo Terran - Winner!

Build Orders: MMM Bio 

Get SALT Encoding   

  12  0:01  SCV  
  13  0:13  SCV  
  14  0:17  Supply Depot  
  14  0:25  SCV  
  15  0:38  SCV  
  15  0:39  Barracks  
  16  0:44  Refinery  
  16  0:50  SCV  
  17  1:03  SCV  
  18  1:15  SCV  
  19  1:20  Barracks  
  19  1:26  Bunker, Marine  
  19  1:33  Orbital Command  
  19  1:44  Marine  
  20  2:02  Marine  
  21  2:08  Marine  
  22  2:16  Factory  
  22  2:20  Marine  
  23  2:24  SCV  
  23  2:26  Marine  
  25  2:37  SCV  
  26  2:38  Supply Depot, Marine  
  27  2:45  Reaper  
  27  2:49  Refinery  
  28  2:53  SCV  
  29  3:04  Starport  
  29  3:07  SCV  
  30  3:17  Supply Depot  
  30  3:19  SCV  
  31  3:25  Factory Tech Lab  
  31  3:31  SCV  
  32  3:42  Medivac  
  32  3:43  SCV, Marine  
  32  3:44  Marine  
  37  4:02  SCV  
  38  4:05  Command Center  
  38  4:15  Cyclone  
  38  4:16  SCV  
  42  4:20  Supply Depot  
  42  4:21  Liberator  
  42  4:30  SCV  
  43  4:32  Barracks Tech Lab, Engineering Bay  
  45  4:52  Marine  
  45  4:53  Marine  
  45  4:57  Stimpack  
  47  5:02  SCV  
  48  5:11  Missile Turret  
  48  5:14  SCV  
  48  5:18  Orbital Command  
  48  5:21  Missile Turret  
  48  5:26  SCV  
  49  5:30  Liberator  
  49  5:38  SCV  
  49  5:41  Siege Tank  
  53  5:46  SCV  
  57  5:52  SCV  
  57  5:54  Supply Depot, Marine x2  
  60  5:58  SCV  
  61  6:06  SCV  
  61  6:07  Barracks  
  61  6:10  SCV  
  63  6:12  Terran Infantry Weapons Level 1, Supply Depot  
  64  6:18  SCV  
  64  6:20  Marine x2  
  64  6:23  SCV, Refinery  
  67  6:30  SCV  
  68  6:34  Starport Reactor  
  68  6:39  SCV, Marauder, Marine  
  71  6:48  SCV  
  72  6:55  Widow Mine  
  72  6:56  Barracks  
  72  6:58  Command Center  
  72  7:00  Barracks Reactor, Combat Shields  
  72  7:01  Barracks  
  74  7:02  Concussive Shells  
  74  7:05  SCV x2  
  76  7:10  Refinery  
  76  7:11  Supply Depot  
  76  7:18  Marine  
  76  7:19  SCV x2, Marine  
  67  7:39  SCV  
  67  7:43  Marine  
  67  7:44  Marine  
  66  7:45  Barracks Reactor, Marauder x2  
  66  7:46  SCV  
  66  7:47  Medivac x2  
  73  7:53  Factory Reactor  
  73  7:54  SCV  
  73  7:55  Barracks Tech Lab  
  73  7:58  SCV, Supply Depot  
  75  8:06  SCV, Missile Turret, Marine x2  
  75  8:07  Marauder x2  
  75  8:11  Orbital Command  
  82  8:16  Terran Infantry Armor Level 1  
  82  8:21  Marauder  
  82  8:23  SCV  
  85  8:28  Orbital Command  
  85  8:29  Marauder x2  
  85  8:30  Liberator x2  
  89  8:35  Marine x2  
  91  8:42  SCV, Marauder  
  98  8:53  Supply Depot  
  98  8:55  Marine x3  
  100  9:02  SCV  
  101  9:10  SCV x2  
  101  9:15  Supply Depot, Marine x2  
  101  9:16  Marine  
  101  9:17  Marauder x2, Marine  
  110  9:24  Liberator x2  
  111  9:25  SCV x2  
  111  9:26  SCV  
  114  9:38  SCV  
  114  9:41  SCV  
  114  9:42  Marine  
  114  9:43  Marauder, Marine  
  114  9:44  Barracks Reactor, Marine  
  114  9:45  Supply Depot, Marauder  
  129  9:52  Barracks  
  129  9:53  Missile Turret  
  129  9:56  Marine  
  129  9:59  Missile Turret  
  130  10:01  Barracks  
  130  10:05  Marauder  
  132  10:08  Barracks  
  132  10:13  Marine x2  
  132  10:14  Marauder, Marine x2  
  135  10:17  Supply Depot  
  135  10:18  Supply Depot  
  138  10:21  Liberator  
  138  10:22  Armory, Liberator  
  138  10:24  Engineering Bay, Marine x2  
  140  10:31  Marauder  
  141  10:38  Marine x2  
  141  10:39  Marauder  
  150  10:43  Marine x2  
  150  10:44  Barracks Reactor  
  150  10:45  Marine x2  
  154  10:50  Supply Depot x2  
  154  10:51  Supply Depot  
  154  10:57  Refinery  
  154  10:59  Marine  
  154  11:00  Refinery, Marine  
  154  11:01  Barracks Tech Lab  
  154  11:02  Command Center  
  154  11:03  Barracks Tech Lab  
  158  11:04  Marauder x2  
  158  11:07  Ghost Academy  
  160  11:19  Marine x2  
  160  11:20  Marine x2  
  160  11:21  Marauder  
  160  11:24  Supply Depot  
  166  11:30  Missile Turret  
  166  11:38  Marine x2  
  166  11:39  Ghost x2  
  170  11:40  Marine x2  
  170  11:42  Supply Depot  
  170  11:44  Supply Depot  
  174  12:03  Marine  
  174  12:04  Ghost, Marine x5  
  182  12:21  Command Center  
  172  12:33  Marine  
  172  12:35  Ghost, Marine x4  
  172  12:36  Ghost, Marine  
  172  12:37  Marauder x2, Marine  
  190  12:52  Marine x2  
Tags
 
Composition
MMM Bio
Matchup
PvT
Player
PSiArc
Replay Pack
me
Add a new tag
Caveats
  • Supply blocks, unpowered buildings, or Contaminate may cause inaccurate times.
  • Supply counts are checked every 10 seconds.